[Event "Czech Open Rapid G1 2024"]
[Site "Pardubice"]
[Date "2024.07.17"]
[Round "2.19"]
[White "Dolensky, Filip"]
[Black "Kulon, Klaudia"]
[Result "0-1"]
[Annotator "TA"]
[ECO "C55"]
[WhiteElo "2085"]
[BlackElo "2380"]
[PlyCount "84"]
[EventDate "2024.07.16"]
[EventType "swiss"]
[EventCountry "CZE"]
[SourceTitle "playchess.com"]
[Source "ChessBase"]
[SourceQuality "1"]
[TimeControl "1200+10"]

1. e4 e5 2. Nf3 Nc6 3. Bc4 Nf6 4. d3 h6 5. c3 d6 6. Nbd2 g6 7. O-O Bg7 8. Re1 O-O 9. Nf1 Na5 10. Bb5 a6 11. Ba4 b5 12. Bc2 c5 13. Ng3 Nc6 14. h3 d5 {[%emt 0:00:16][%cal Bd6d5,Bd5d4][%mdl 32] The position is equal.} 15. Qe2 d4 16. Bd2 Be6 17. a4 Qd6 18. Rec1 Rfb8 (18... b4 $15 19. c4 a5) 19. axb5 axb5 20. cxd4 {[%emt 0:04:09] Rxa8 would now be deadly.} cxd4 21. Qe1 Nd7 22. Rxa8 Rxa8 23. Ra1 Rc8 24. Ra6 (24. Ne2 $15) 24... Nc5 25. Rb6 {[%emt 0:01:08][%cal Ob2b4] [#]} Rb8 (25... Qd7 $1 $17 26. Rxb5 Nd8) 26. Rxb8+ $15 Qxb8 27. Qc1 Kh7 28. Qa1 (28. b4 $11 Nd7 29. Qb1) 28... b4 $36 {[%emt 0:00:37][%mdl 2048] Black is really pushing.} 29. Ne1 Qb5 {[%emt 0:01:10] Black is more active.} 30. Qd1 {[%emt 0:02:22] Loses the game.} (30. Bd1 $17 {was necessary.}) 30... b3 $19 31. Bb1 Nb4 32. Bxb4 Qxb4 33. Qc1 h5 {[%emt 0:00:27] And now ...Bh6 would win.} 34. Ne2 Bh6 35. f4 Qb5 36. Qd2 Na4 37. Nf3 f6 38. Kf2 (38. Kh2 {is a better defense.}) 38... Qc5 39. Kg1 $2 {[%emt 0:00:12] [#]} (39. Ke1) 39... Nc3 $1 {[%emt 0:00:11][%mdl 512] ...Nxe2+ is the strong threat.} 40. Qe1 (40. Kf1 Nxb1) 40... Nxe2+ 41. Qxe2 Bxf4 42. Ne1 Qc1 {[%emt 0:00:04] Weighted Error Value: White=0.64/Black=0.10 (very precise) .  Mistake:       	White=5     	Black=2      Inaccurate:     	White=1     	Black=1      OK:         	White=8     	Black=7      Best:        	White=5     	Black=1      Brilliant:      	---       	Black=1} 0-1

[Event "Czech Open Rapid G1 2024"]
[Site "Pardubice"]
[Date "2024.07.17"]
[Round "2.20"]
[White "Jares, Michal"]
[Black "Shilon Rahav, Eliran"]
[Result "1/2-1/2"]
[Annotator "RC"]
[ECO "A37"]
[WhiteElo "2382"]
[BlackElo "2055"]
[PlyCount "148"]
[EventDate "2024.07.16"]
[EventType "swiss"]
[EventCountry "CZE"]
[SourceTitle "playchess.com"]
[Source "ChessBase"]
[SourceQuality "1"]
[TimeControl "1200+10"]

1. Nf3 c5 2. g3 Nc6 3. c4 g6 4. Bg2 Bg7 5. O-O e5 6. Nc3 Nge7 7. a3 O-O 8. Rb1 a5 9. Ne1 d6 10. Nc2 Be6 11. Ne3 f5 12. d3 Rb8 13. Ned5 h6 14. Bd2 Kh7 15. e3 Bxd5 16. cxd5 Na7 17. b4 b5 18. bxa5 Qxa5 19. Nxb5 Qa6 20. Nxa7 Qxa7 21. Rxb8 Rxb8 22. a4 Qb7 23. a5 Qb3 24. Qe2 Qa2 25. Rd1 Rb2 26. Qe1 e4 27. dxe4 c4 28. Bf1 Rc2 29. Bb4 fxe4 30. Rc1 Nxd5 31. Rxc2 Qxc2 32. Bxd6 c3 33. Ba3 Qa4 34. Qc1 Qxa5 35. Bg2 c2 36. Bxe4 Nc3 37. Bxg6+ Kxg6 38. Qxc2+ Qf5 39. Qxf5+ Kxf5 40. Kg2 Ne4 41. f3 Ng5 42. h4 Nf7 43. e4+ Kg6 44. f4 h5 45. Kf3 Bc3 46. g4 hxg4+ 47. Kxg4 Nh6+ 48. Kf3 Kf7 49. h5 Bd2 50. Bb2 Ng8 51. Ba1 Nh6 52. f5 Bc1 53. Be5 Bg5 54. Bd4 Ke7 55. Bg7 Kf7 56. Bxh6 Bxh6 57. e5 Bc1 58. Ke4 Bg5 59. Kd5 Ke7 60. Ke4 Kf7 61. Kf3 Bc1 62. Ke4 Bg5 63. Kd4 Ke8 64. Kc5 Kd7 65. Kd5 Ke7 66. Kc6 Bf4 67. e6 Bg5 68. Kd5 Kf6 69. Kd6 Kxf5 70. h6 Kg6 71. Kd7 Kxh6 72. Ke8 Bh4 73. Kf7 Kh7 74. Kf8 Kg6 1/2-1/2

[Event "Czech Open Rapid G1 2024"]
[Site "Pardubice"]
[Date "2024.07.17"]
[Round "2.21"]
[White "Novotny, Dominik"]
[Black "Seger, Ruediger"]
[Result "0-1"]
[Annotator "RC"]
[ECO "B12"]
[WhiteElo "1921"]
[BlackElo "2264"]
[PlyCount "54"]
[EventDate "2024.07.16"]
[EventType "swiss"]
[EventCountry "CZE"]
[SourceTitle "playchess.com"]
[Source "ChessBase"]
[SourceQuality "1"]
[TimeControl "1200+10"]

1. e4 c6 2. d4 d5 3. f3 dxe4 4. fxe4 e5 5. Nf3 Bg4 6. Bc4 Nd7 7. O-O Ngf6 8. c3 Bd6 9. Bg5 O-O 10. Nbd2 Qc7 11. Qc2 h6 12. Bh4 Rae8 13. Rae1 b5 14. Bb3 c5 15. dxc5 Bxc5+ 16. Bf2 Bxf2+ 17. Rxf2 Nc5 18. Nh4 Rd8 19. h3 Bc8 20. Ref1 Rd6 21. Nf5 Bxf5 22. Rxf5 Rfd8 23. Nf3 Nd3 24. Kh2 g6 25. Rxe5 Nxe5 26. Nxe5 Rd2 27. Bxf7+ Kg7 0-1

[Event "Czech Open Rapid G1 2024"]
[Site "Pardubice"]
[Date "2024.07.17"]
[Round "2.22"]
[White "Mica, Marek"]
[Black "Flasar, Jaroslav"]
[Result "1-0"]
[Annotator "RC"]
[ECO "E06"]
[WhiteElo "2375"]
[BlackElo "2012"]
[PlyCount "85"]
[EventDate "2024.07.16"]
[EventType "swiss"]
[EventCountry "CZE"]
[SourceTitle "playchess.com"]
[Source "ChessBase"]
[SourceQuality "1"]
[TimeControl "1200+10"]

1. Nf3 d5 2. g3 Nf6 3. Bg2 e6 4. O-O Be7 5. d4 O-O 6. c4 b6 7. cxd5 exd5 8. Bf4 Bb7 9. Qc2 c5 10. dxc5 bxc5 11. Rd1 Nbd7 12. Ne5 Nb6 13. Nc3 Qc8 14. e4 d4 15. Ne2 Qe6 16. h4 Nh5 17. Nd3 c4 18. Nxd4 cxd3 19. Rxd3 Qc4 20. Qxc4 Nxc4 21. Rc1 Nxf4 22. gxf4 Rfc8 23. Rb3 Nb6 24. Rxc8+ Rxc8 25. a4 Ba6 26. a5 Nd7 27. Bh3 Rc1+ 28. Kh2 Nf8 29. e5 g6 30. Rb8 Rc4 31. Ne6 Rc8 32. Rxc8 Bxc8 33. Nc7 Bxh3 34. Kxh3 Ne6 35. Nd5 Bc5 36. Kg3 Ng7 37. b4 Nf5+ 38. Kf3 Ne7 39. Nf6+ Kg7 40. bxc5 Nc6 41. Ke4 Nxa5 42. Kd5 Nb7 43. c6 1-0

[Event "Czech Open Rapid G1 2024"]
[Site "Pardubice"]
[Date "2024.07.17"]
[Round "2.23"]
[White "Moeller, Tom"]
[Black "Krak, Tomas"]
[Result "0-1"]
[Annotator "RC"]
[ECO "A45"]
[WhiteElo "1842"]
[BlackElo "2229"]
[PlyCount "70"]
[EventDate "2024.07.16"]
[EventType "swiss"]
[EventCountry "CZE"]
[SourceTitle "playchess.com"]
[Source "ChessBase"]
[SourceQuality "1"]
[TimeControl "1200+10"]

1. d4 Nf6 2. Nc3 e6 3. Bf4 Bb4 4. Qd3 Nd5 5. Bd2 Nxc3 6. bxc3 Be7 7. e4 d6 8. Ne2 b6 9. c4 Nd7 10. Nc3 O-O 11. Be2 Bb7 12. f4 e5 13. fxe5 dxe5 14. d5 Bh4+ 15. g3 Bg5 16. h4 Nc5 17. Qf3 Bxd2+ 18. Kxd2 Qe7 19. Raf1 Rad8 20. Nd1 Bc8 21. Ne3 Nb7 22. g4 Qb4+ 23. c3 Qa4 24. h5 f6 25. h6 g6 26. g5 f5 27. exf5 Qxa2+ 28. Nc2 Bxf5 29. Bd3 Nc5 30. Bxf5 Nb3+ 31. Kd3 gxf5 32. Qg2 Nc5+ 33. Kd2 Qxc4 34. g6 Rxd5+ 35. Nd4 Qa2+ 0-1

[Event "Czech Open Rapid G1 2024"]
[Site "Pardubice"]
[Date "2024.07.17"]
[Round "2.24"]
[White "Abdulov, Orkhan"]
[Black "Stary, Simon"]
[Result "1-0"]
[Annotator "TA"]
[ECO "B38"]
[WhiteElo "2382"]
[BlackElo "1836"]
[PlyCount "145"]
[EventDate "2024.07.16"]
[EventType "swiss"]
[EventCountry "CZE"]
[SourceTitle "playchess.com"]
[Source "ChessBase"]
[SourceQuality "1"]
[TimeControl "1200+10"]

1. e4 c5 2. Nf3 d6 3. d4 cxd4 4. Nxd4 Nf6 5. f3 a6 6. c4 g6 7. Nc3 Bg7 8. Be3 O-O 9. Be2 Nc6 10. O-O Bd7 11. Qd2 Nxd4 12. Bxd4 Bc6 13. Rfd1 Nd7 14. Rac1 a5 15. Bxg7 {[%emt 0:00:47] White is slightly better.} Kxg7 16. Qd4+ Kg8 17. Nd5 Bxd5 18. cxd5 Nc5 19. f4 Qd7 20. f5 b6 21. b3 Rac8 {[%emt 0:01:01] Black is weak on the light squares} (21... gxf5 $11 {keeps the balance.} 22. e5 Rac8) 22. Rc3 $16 Rfe8 $2 (22... b5 $16) 23. Rg3 ({White should play} 23. Rh3 $18) 23... Qc7 24. h4 (24. Bg4 $18) 24... Nd7 25. h5 {[%emt 0:01:12] White has more active pieces.} (25. Ba6 $16) 25... Ne5 26. hxg6 hxg6 27. fxg6 fxg6 (27... f6 $1 $11) 28. Bg4 $14 Nxg4 29. Rxg4 Qc5 30. Rxg6+ Kh7 31. Rg7+ (31. Re6 {simplifies} Qxd4+ 32. Rxd4 Rc1+ 33. Kh2) 31... Kh6 {[%emt 0:00:08] White must now prevent ...Qxd4+.} 32. Rg3 {[%emt 0:00:28] Qxc5 is the strong threat.} (32. Qxc5 {simplifies} bxc5 33. Rg3 Rg8 34. Rh3+) 32... Rg8 33. Qxc5 bxc5 {[%emt 0:00:02][%mdl 4096] Endgame. KRR-KRR} 34. Rh3+ Kg6 35. Rf1 Rgf8 36. Rg3+ Kh6 37. Rxf8 Rxf8 {[%emt 0:00:01] KR-KR} 38. Rf3 Re8 39. Kf2 Kg6 {[%emt 0:00:01] Repels e5} 40. Rc3 (40. e5 $14) 40... Kf6 41. Rf3+ Kg6 $1 42. Ke3 Ra8 {[%emt 0:00:01] [#]} 43. e5 $1 a4 $1 44. exd6 exd6 45. Kd3 axb3 46. axb3 Rb8 47. Kc3 Re8 48. Kc4 {[%emt 0:00:13] And now Kb5 would win.} Re5 $2 (48... Rb8 $11) 49. Rd3 Kf5 50. Kb5 {[%emt 0:02:36] Strongly threatening Kc6.} Ke4 {[%emt 0:00:38] [#]} 51. Kc4 (51. Rd1 $1 $18) 51... Rg5 52. Rd2 Ke3 {[%emt 0:00:49] Repels Re2+} 53. Rb2 Re5 54. Rb1 {[%emt 0:01:00] Re1+ would kill now.} Rg5 55. Re1+ Kf4 $2 {[%emt 0:00:44][%mdl 8192] White stays focused until the end.} (55... Kd2 $11 56. Rf1 (56. Re6 Rg4+ 57. Kb5 Rb4+ 58. Kc6 Rxb3 $11) 56... Rxg2) 56. Re6 $18 Rxg2 57. Rxd6 Rc2+ 58. Kd3 $2 ({White must play} 58. Kb5 $18 {Threatening mate with Re6.} Ke4 59. Kc6) 58... Rc1 $2 (58... Ke5 $11) 59. Re6 {[%emt 0:00:36] White mates.} Kf5 60. Re2 Kf6 61. d6 Rd1+ 62. Kc4 Rxd6 63. Kxc5 Rd1 64. b4 Rc1+ 65. Kb6 Kf7 66. b5 Rb1 67. Kc6 Rc1+ 68. Kb7 Rb1 69. b6 Rb3 70. Kc7 Rc3+ 71. Kb8 Rb3 72. b7 Kf6 73. Ra2 {[%emt 0:00:03] Weighted Error Value: White=0.44/Black=0.31.  Loses game:     	---       	Black=3      Mistake:       	White=4     	Black=2      Inaccurate:     	White=6     	Black=3      OK:         	White=7     	Black=9      Best:        	White=1     	Black=3      Strong:       	---       	Black=2} 1-0

[Event "Czech Open Rapid G1 2024"]
[Site "Pardubice"]
[Date "2024.07.17"]
[Round "2.25"]
[White "Skoloud, Natanael"]
[Black "Sherman, Raem"]
[Result "0-1"]
[Annotator "RC"]
[ECO "C01"]
[WhiteElo "1532"]
[BlackElo "2358"]
[PlyCount "80"]
[EventDate "2024.07.16"]
[EventType "swiss"]
[EventCountry "CZE"]
[SourceTitle "playchess.com"]
[Source "ChessBase"]
[SourceQuality "1"]
[TimeControl "1200+10"]

1. e4 e6 2. d4 d5 3. exd5 exd5 4. c4 Bb4+ 5. Nc3 Nf6 6. a3 Bxc3+ 7. bxc3 O-O 8. Bd3 Be6 9. Qb3 Nc6 10. c5 b6 11. cxb6 axb6 12. Bg5 Na5 13. Qc2 h6 14. Bh4 Nc4 15. Bxc4 dxc4 16. Nf3 Bd5 17. O-O Bxf3 18. gxf3 Qd6 19. Qf5 Ra5 20. Qh3 Rh5 21. Qg3 Qc6 22. Kh1 g5 23. Rg1 Rxh4 24. Qxh4 Qxf3+ 25. Rg2 Qxg2+ 26. Kxg2 gxh4 27. Rg1 Ra8 28. Kh3+ Kf8 29. Kxh4 Rxa3 30. Rg3 Ne4 31. Re3 Nxc3 32. Kg4 Nb5 33. Re5 Nxd4 34. Rd5 Ne6 35. f4 c3 36. Rd1 c2 37. Rc1 Rc3 38. Kf5 Nd4+ 39. Kf6 Rc6+ 40. Ke5 Nb3 0-1

[Event "Czech Open Rapid G1 2024"]
[Site "Pardubice"]
[Date "2024.07.17"]
[Round "2.26"]
[White "Movsesian, Julia"]
[Black "Skoloud, Josef"]
[Result "1-0"]
[Annotator "RC"]
[ECO "C54"]
[WhiteElo "2202"]
[BlackElo "1575"]
[PlyCount "69"]
[EventDate "2024.07.16"]
[EventType "swiss"]
[EventCountry "CZE"]
[SourceTitle "playchess.com"]
[Source "ChessBase"]
[SourceQuality "1"]
[TimeControl "1200+10"]

1. e4 e5 2. Nf3 Nc6 3. Bc4 Nf6 4. d3 Bc5 5. c3 O-O 6. O-O d6 7. Bg5 Bg4 8. h3 Bh5 9. g4 Bg6 10. Nbd2 Re8 11. b4 Bb6 12. Bb3 a6 13. Nc4 Ba7 14. Ne3 h6 15. Bh4 Bh7 16. Nf5 Bxf5 17. gxf5 Qe7 18. Nh2 Kh7 19. Ng4 Rg8 20. Kh1 Raf8 21. Qd2 Nb8 22. Bxf6 Qxf6 23. Nxf6+ gxf6 24. Rg1 Rg5 25. h4 Rh5 26. Rg4 Rg8 27. Rag1 Rgg5 28. Bxf7 Rxh4+ 29. Rxh4 Rxg1+ 30. Kxg1 Bxf2+ 31. Kxf2 Kg7 32. Qxh6+ Kxf7 33. Qg6+ Ke7 34. Rh7+ Kf8 35. Qf7# 1-0

[Event "Czech Open Rapid G1 2024"]
[Site "Pardubice"]
[Date "2024.07.17"]
[Round "2.27"]
[White "Piesik, Piotr"]
[Black "Neuhoff, Laertes"]
[Result "1-0"]
[Annotator "TA"]
[ECO "A08"]
[WhiteElo "2415"]
[BlackElo "2090"]
[PlyCount "115"]
[EventDate "2024.07.16"]
[EventType "swiss"]
[EventCountry "CZE"]
[SourceTitle "playchess.com"]
[Source "ChessBase"]
[SourceQuality "1"]
[TimeControl "1200+10"]

1. Nf3 d5 2. g3 Nf6 3. Bg2 c5 4. O-O g6 5. d3 Bg7 6. Nbd2 Nc6 7. e4 dxe4 8. dxe4 O-O 9. c3 Ng4 10. Qe2 Nge5 11. Ne1 {[%emt 0:00:09] Against Qd3} Nd7 {[%emt 0:05:00] White is slightly better.} 12. f4 e5 13. f5 h6 14. Nc4 g5 (14... b6 $142) 15. Be3 b6 16. Nd6 {[%emt 0:00:05] White has more active pieces. The black rooks are passive.} (16. Rd1 $142) 16... Nf6 17. Rd1 Qe7 18. Nxc8 Raxc8 19. Nc2 Rfd8 20. Bf2 Rxd1 21. Rxd1 Rd8 22. Rxd8+ Qxd8 23. Bf1 (23. Ne3 $16) 23... Ne7 24. Na3 Qa8 25. Bg2 Nc6 26. Qb5 (26. g4 $16) 26... Na5 $14 27. Bxc5 Qd8 $1 {[%emt 0:00:07] Inhibits Be7.} 28. Be3 Ng4 (28... Bf8 $11 {feels stronger.} 29. b4 (29. Qxe5 $2 Qd1+ 30. Bf1 Ng4 $19) 29... Qd1+ 30. Bf1 (30. Qf1 Qa4 $11) 30... Qa1) 29. Qe2 Nxe3 30. Qxe3 Qd1+ 31. Bf1 Bf8 {[%emt 0:00:06] [#]} (31... Qa1 $14) 32. b4 $1 $36 {[%emt 0:00:08][%mdl 2048] White is really pushing.} Qa4 33. Qc1 Qc6 {[%emt 0:00:35] aiming for ...Bxb4.} 34. Qc2 (34. bxa5 $6 Bc5+ 35. Kh1 Bxa3 (35... Qxe4+ 36. Bg2 $15) 36. Qxa3 Qxe4+ 37. Kg1 Qe3+ 38. Kg2 Qd2+ 39. Kf3 (39. Kh1 Qe1 $11) 39... e4+ (39... g4+ 40. Ke4 $11) 40. Kxe4 Qe1+ 41. Kd4 (41. Kd5 Qxf1 42. axb6 Qxf5+ 43. Kc6 Qf6+ 44. Qd6 Qxc3+ 45. Kb7 axb6 $11) 41... Qxf1 $11) 34... Nb7 35. Bc4 a5 {[%emt 0:00:15] Black is weak on the light squares} 36. Bd5 Qc8 37. Qd2 (37. Nc4 $142) 37... axb4 38. cxb4 Nd6 {[%emt 0:00:01] Dodges Nc4} 39. Nc2 (39. Kg2 $16) 39... Nc4 {[%emt 0:00:28] Loses the game.} (39... Ne8 $14) 40. Qc3 $18 b5 {[%emt 0:00:00] [#]} (40... Nd6 $142 41. Qxc8 Nxc8) 41. a4 $1 Nd6 42. Qxc8 Nxc8 {[%emt 0:00:01][%mdl 4096] Endgame. KBN-KBN} 43. a5 Kg7 (43... g4 $142 44. Kg2 Kg7) 44. Kf2 Kf6 45. Ke2 Bd6 46. Kd3 {[%emt 0:00:05] Threatens to win with Bc6.} (46. a6 Na7 47. Ba2 Ke7 $18) 46... Ke7 47. Kc3 Bb8 48. Bb7 Nd6 49. Bc6 Ba7 (49... Kd8 $142 50. Na3 Kc7 51. Bxb5 (51. Nxb5+ Kxc6 52. Nxd6 Bxd6 $15) 51... Nxe4+ 52. Kb3 Nd6) 50. Na3 Kd8 $2 (50... Bd4+ 51. Kb3 Bg1 52. Nxb5 (52. Bxb5 h5 $18) 52... Nxb5 53. Bxb5 g4) 51. Nxb5 Nxb5+ 52. Bxb5 {[%emt 0:00:01] KB-KB} f6 53. Be2 Kc7 54. Kc4 {[%emt 0:00:02] White threatens b5 and mate.} Bg1 55. h3 {[%emt 0:00:10] Threatening mate with b5.} Kc6 56. b5+ {[%emt 0:00:01] White mates.} Kd6 57. b6 Kc6 58. Bd1 {[%emt 0:00:01] Weighted Error Value: White=0.11 (very precise) /Black=0.40.  Mistake:       	White=5     	Black=8      Inaccurate:     	---       	Black=5      OK:         	White=20    	Black=12     Best:        	White=3     	Black=1      Strong:       	White=1     	Black=1} 1-0

[Event "Czech Open Rapid G1 2024"]
[Site "Pardubice"]
[Date "2024.07.17"]
[Round "2.28"]
[White "Jun, Rudolf"]
[Black "Sknouril, Jakub"]
[Result "1-0"]
[Annotator "RC"]
[ECO "C26"]
[WhiteElo "2232"]
[BlackElo "1752"]
[PlyCount "65"]
[EventDate "2024.07.16"]
[EventType "swiss"]
[EventCountry "CZE"]
[SourceTitle "playchess.com"]
[Source "ChessBase"]
[SourceQuality "1"]
[TimeControl "1200+10"]

1. e4 d6 2. g3 Nf6 3. Bg2 e5 4. Nc3 Be7 5. Nge2 Nbd7 6. O-O O-O 7. d3 c6 8. h3 Nc5 9. d4 Ne6 10. Be3 Nd7 11. Kh2 f5 12. exf5 Rxf5 13. d5 cxd5 14. Nxd5 Nc7 15. Nxc7 Qxc7 16. Nc3 Nc5 17. Nd5 Qd7 18. b4 Ne6 19. Qd3 Rf8 20. Rad1 Rd8 21. c4 Nc7 22. Nxe7+ Qxe7 23. Bc5 Ne8 24. f4 Bxh3 25. Kxh3 dxc5 26. Bd5+ Kh8 27. fxe5 Nc7 28. Qe4 cxb4 29. Rf7 Qc5 30. e6 Re8 31. Kg2 Qd6 32. Rh1 h6 33. Rxh6+ 1-0

[Event "Czech Open Rapid G1 2024"]
[Site "Pardubice"]
[Date "2024.07.17"]
[Round "2.29"]
[White "Novotny, Josef"]
[Black "Levytskyi, Liubomyr"]
[Result "0-1"]
[Annotator "RC"]
[ECO "A00"]
[WhiteElo "2033"]
[BlackElo "1717"]
[PlyCount "66"]
[EventDate "2024.07.16"]
[EventType "swiss"]
[EventCountry "CZE"]
[SourceTitle "playchess.com"]
[Source "ChessBase"]
[SourceQuality "1"]
[TimeControl "1200+10"]

1. e3 e5 2. d3 d5 3. h3 c5 4. Nf3 Nc6 5. Nc3 Nf6 6. Be2 Be7 7. a3 Be6 8. Ng5 Bf5 9. e4 Bg6 10. exd5 Nxd5 11. Nxd5 Qxd5 12. Bf3 Qd7 13. Ne4 O-O 14. O-O Nd4 15. Be3 Rac8 16. Re1 Kh8 17. Ng3 Nxf3+ 18. Qxf3 f5 19. Nf1 Bf7 20. Rad1 Bd5 21. Qe2 f4 22. Bd2 f3 23. Qxe5 fxg2 24. Ng3 Bf6 25. Qf5 Qxf5 26. Nxf5 Bxb2 27. Ne7 Rcd8 28. Nxd5 Rxd5 29. Kxg2 Rdf5 30. Re2 Bd4 31. Be3 Bc3 32. Bxc5 Rxc5 33. Re7 Rcf5 0-1

[Event "Czech Open Rapid G1 2024"]
[Site "Pardubice"]
[Date "2024.07.17"]
[Round "2.30"]
[White "Silar, Lubomir"]
[Black "Tesar, Jan"]
[Result "0-1"]
[Annotator "RC"]
[ECO "D02"]
[WhiteElo "1973"]
[BlackElo "1929"]
[PlyCount "66"]
[EventDate "2024.07.16"]
[EventType "swiss"]
[EventCountry "CZE"]
[SourceTitle "playchess.com"]
[Source "ChessBase"]
[SourceQuality "1"]
[TimeControl "1200+10"]

1. d4 d5 2. Nf3 Nf6 3. g3 Bf5 4. Bg2 h6 5. O-O e6 6. c3 Bd6 7. Nbd2 O-O 8. Re1 c5 9. Nf1 Nc6 10. dxc5 Bxc5 11. Be3 Qb6 12. Bxc5 Qxc5 13. Ne3 Bg6 14. Nd4 Rfd8 15. Rc1 a5 16. Qd2 a4 17. Nxc6 bxc6 18. Red1 Qb6 19. Re1 Rab8 20. Nd1 h5 21. Qd4 Qb5 22. c4 Qa5 23. Qc3 Qb6 24. c5 Qb5 25. e3 Ne4 26. Qd4 f6 27. Bf1 Qa5 28. Nc3 Rb4 29. Qd1 Rxb2 30. Nxe4 dxe4 31. Bc4 Rxd1 32. Bxe6+ Kh7 33. Rexd1 Rd2 0-1

[Event "Czech Open Rapid G1 2024"]
[Site "Pardubice"]
[Date "2024.07.17"]
[Round "2.31"]
[White "Kudla, Richard"]
[Black "Migalko, Dmitriy"]
[Result "0-1"]
[Annotator "RC"]
[ECO "B21"]
[WhiteElo "2056"]
[BlackElo "1856"]
[PlyCount "82"]
[EventDate "2024.07.16"]
[EventType "swiss"]
[EventCountry "CZE"]
[SourceTitle "playchess.com"]
[Source "ChessBase"]
[SourceQuality "1"]
[TimeControl "1200+10"]

1. e4 c5 2. d4 cxd4 3. c3 dxc3 4. Nxc3 e6 5. Bc4 Nc6 6. Nf3 Bb4 7. O-O Nge7 8. Nb5 d6 9. a3 Bc5 10. b4 a6 11. bxc5 axb5 12. Bxb5 dxc5 13. Qc2 b6 14. Bb2 O-O 15. Qc3 f6 16. Bc4 Kh8 17. Rad1 Qc7 18. Bb3 e5 19. Nd2 Nd4 20. Rfe1 Ba6 21. Nc4 Rac8 22. a4 Ng6 23. Bc1 Nxb3 24. Qxb3 Qf7 25. Nd2 Qxb3 26. Nxb3 Bc4 27. Nd2 Bd3 28. Ba3 Bc2 29. Ra1 Rfd8 30. Nc4 Rb8 31. Bb2 Bb3 32. Rec1 Nf4 33. Kf1 Nd3 34. Rc3 Bxc4 35. Rxc4 Nxb2 36. Rc3 Rd4 37. a5 bxa5 38. Rxc5 a4 39. f3 h6 40. Ke2 Nd3 41. Rd5 Nf4+ 0-1

[Event "Czech Open Rapid G1 2024"]
[Site "Pardubice"]
[Date "2024.07.17"]
[Round "2.32"]
[White "Garsky, Vladyslav"]
[Black "Gu In-Jung"]
[Result "0-1"]
[Annotator "RC"]
[ECO "B07"]
[WhiteElo "2137"]
[BlackElo "1960"]
[PlyCount "84"]
[EventDate "2024.07.16"]
[EventType "swiss"]
[EventCountry "CZE"]
[SourceTitle "playchess.com"]
[Source "ChessBase"]
[SourceQuality "1"]
[TimeControl "1200+10"]

1. e4 d6 2. d4 Nf6 3. Bd3 e5 4. Nf3 Nbd7 5. c3 c6 6. O-O Be7 7. Re1 Qc7 8. Nbd2 O-O 9. a4 Re8 10. a5 Nf8 11. Nf1 Ng6 12. Ng3 Bf8 13. Bd2 h6 14. Qc2 Bd7 15. h3 Rad8 16. b4 c5 17. bxc5 dxc5 18. dxe5 Nxe5 19. Nxe5 Qxe5 20. f4 Qc7 21. e5 c4 22. Bf5 Bxf5 23. Nxf5 Bc5+ 24. Kh1 Nh5 25. Rad1 Rd3 26. Bc1 Qd7 27. Nd4 Ng3+ 28. Kh2 Bxd4 29. cxd4 Qxd4 30. Be3 Qe4 31. Qf2 Nf5 32. Bxa7 Qd5 33. Rxd3 cxd3 34. Bb6 Rc8 35. Rd1 Rc2 36. Rd2 Qa2 37. Rxc2 Qxc2 38. Qf3 d2 39. Qxb7 d1=Q 40. a6 Qcb1 41. Qc8+ Kh7 42. Qxf5+ Qxf5 0-1

[Event "Czech Open Rapid G1 2024"]
[Site "Pardubice"]
[Date "2024.07.17"]
[Round "2.33"]
[White "Svoboda, Petr"]
[Black "Eropunov, Gleb"]
[Result "0-1"]
[Annotator "RC"]
[ECO "A07"]
[WhiteElo "1935"]
[BlackElo "2190"]
[PlyCount "62"]
[EventDate "2024.07.16"]
[EventType "swiss"]
[EventCountry "CZE"]
[SourceTitle "playchess.com"]
[Source "ChessBase"]
[SourceQuality "1"]
[TimeControl "1200+10"]

1. Nf3 Nf6 2. b3 d5 3. Bb2 Bf5 4. g3 e6 5. Bg2 Be7 6. Nh4 Be4 7. f3 Bg6 8. Nxg6 hxg6 9. O-O Nbd7 10. d4 c5 11. e3 O-O 12. c4 Rc8 13. Qe2 Qa5 14. Bc3 Qa6 15. Nd2 cxd4 16. exd4 Nb6 17. f4 dxc4 18. bxc4 Nxc4 19. Rab1 Qa3 20. Rb3 Qxa2 21. Ra1 Qc2 22. Rab1 Na3 23. Bb4 Nxb1 24. Rxb1 Bxb4 25. Rxb4 Qc3 26. Rxb7 Qxd4+ 27. Kh1 Rc1+ 28. Nf1 Nd5 29. h3 Ne3 30. Kh2 Rc2 31. Qxe3 Qd5 0-1

[Event "Czech Open Rapid G1 2024"]
[Site "Pardubice"]
[Date "2024.07.17"]
[Round "2.35"]
[White "Kroulik, Vaclav"]
[Black "Kastner, Oldrich"]
[Result "0-1"]
[Annotator "RC"]
[ECO "B03"]
[WhiteElo "1976"]
[BlackElo "2004"]
[PlyCount "68"]
[EventDate "2024.07.16"]
[EventType "swiss"]
[EventCountry "CZE"]
[SourceTitle "playchess.com"]
[Source "ChessBase"]
[SourceQuality "1"]
[TimeControl "1200+10"]

1. e4 Nf6 2. e5 Nd5 3. d4 d6 4. exd6 exd6 5. c4 Nb6 6. Nc3 Be7 7. Bd3 Nc6 8. Be3 Nb4 9. Be2 Bf5 10. Rc1 O-O 11. Nf3 Bf6 12. a3 Nc6 13. b4 Re8 14. O-O Ne7 15. d5 Bg6 16. Qb3 Nf5 17. Nd1 a5 18. Bd3 axb4 19. axb4 Nxe3 20. Nxe3 Bxd3 21. Qxd3 g6 22. c5 Na4 23. Rc2 Bg7 24. Qb5 Nc3 25. Qxb7 Rb8 26. Qc6 Qf6 27. h3 Nb5 28. cxd6 cxd6 29. Rfc1 Bh6 30. Ng4 Qg7 31. Nxh6+ Qxh6 32. Rc4 Qg7 33. Qd7 Qf8 34. Ng5 Red8 0-1

[Event "Czech Open Rapid G1 2024"]
[Site "Pardubice"]
[Date "2024.07.17"]
[Round "2.36"]
[White "Dehmel, Jens"]
[Black "Park, Inchan"]
[Result "0-1"]
[Annotator "RC"]
[ECO "A50"]
[WhiteElo "1980"]
[BlackElo "1856"]
[PlyCount "87"]
[EventDate "2024.07.16"]
[EventType "swiss"]
[EventCountry "CZE"]
[SourceTitle "playchess.com"]
[Source "ChessBase"]
[SourceQuality "1"]
[TimeControl "1200+10"]

1. d4 Nf6 2. c4 b6 3. Nc3 Bb7 4. Qc2 d5 5. cxd5 Nxd5 6. e4 Nxc3 7. bxc3 e6 8. Bb5+ c6 9. Ba4 Be7 10. Nf3 O-O 11. O-O c5 12. Rd1 Qc7 13. Qe2 Nd7 14. Bg5 Nf6 15. Bc2 Rac8 16. Rac1 h6 17. Bh4 Rfd8 18. e5 Nd5 19. Qd3 g6 20. Bxe7 Qxe7 21. Bb1 c4 22. Qc2 Nf4 23. Ne1 b5 24. g3 Nd5 25. h4 h5 26. Nf3 a5 27. Ng5 b4 28. cxb4 axb4 29. Ne4 Ba6 30. Qe2 Rc6 31. Nd6 Rd7 32. Be4 c3 33. Qf3 Bc4 34. Nxc4 Rxc4 35. Bc2 Nb6 36. Bb3 Rcxd4 37. Rxd4 Rxd4 38. Qc6 Nd7 39. f4 Qc5 40. Qxc5 Nxc5 41. Kf2 Nxb3 42. axb3 Rd2+ 43. Ke3 Rb2 44. Ra1 0-1